AoeStats
← Burguini

Glade

503501910Analyzed
1v1 RM · 1mo ago on Sep 1, 2026· 39m 0s· 2 players
Game mode
Random Map
Map size
Tiny (2 player)
Population
200
Speed
Normal
Resources
Standard
Victory
Conquest
Starting age
Dark Age
Ending age
Imperial Age
RankedLock teamsTeams togetherTeam positionsShared explorationLock speedFull tech treeHidden civsTurbo modeCheats
Victory
Defeat
🇨🇱 Vietnamese · Chile
1103
+15
🇺🇸 Wei · United States
1092
-15
CruizinMax
3:00 Loom
7:53 Loom
10:10 Feudal Age
11:44 Double-Bit Axe
11:44 Horse Collar
18:05 Castle Age
17:04 Gold Mining
17:05 Stone Mining
17:31 Padded Archer Armor
17:21 Fletching
17:44 Fletching
18:33 Town Watch
23:17 Leather Archer Armor
28:47 Wheelbarrow
28:21 Bodkin Arrow
29:40 Forging
30:17 Bow Saw
33:56 Gold Shaft Mining
33:56 Stone Shaft Mining
35:07 Husbandry
35:17 Bloodlines
35:27 Bloodlines
35:24 Scale Barding Armor
35:55 Iron Casting
38:29 Stone Shaft Mining
39:35 Chain Barding Armor
Burguini
7:50 Loom
10:17 Feudal Age
10:48 Double-Bit Axe
10:46 Horse Collar
17:24 Castle Age
15:50 Gold Mining
18:00 Wheelbarrow
18:29 Bow Saw
18:22 Heavy Plow
18:18 Fletching
21:32 Hand Cart
21:28 Town Watch
21:43 Pikeman
23:24 Squires
26:22 Scale Mail Armor
26:32 Forging
28:46 Chain Mail Armor
29:07 Iron Casting
28:27 Bodkin Arrow
28:43 Thumb Ring
29:46 Elite Skirmisher
33:10 Imperial Age
32:21 Ballistics
35:13 Crop Rotation
35:46 Two-Man Saw
35:12 Paper Money
34:20 Imperial Skirmisher
35:08 Padded Archer Armor
36:21 Chemistry
38:07 Town Patrol
38:40 Halberdier
40:02 Plate Mail Armor
39:47 Leather Archer Armor
39:40 Caravan
Connection lost

Rejoining the realm…

Still unreachable

The connection could not be restored.

Session expired

The server has moved on; the page needs a fresh start.